[ AOE2 MATCH · #508106530 ]
UnrankedMalay vs Magyars
Player's team · WIN
Rival team · LOSS
[ REPLAY ANALYSIS · EXTRACTED FROM THE RECORDED GAME ]
Feudal
10:54
Castle
19:48
Imperial
31:14
| APM avg | 63.5 |
| APM peak | 115 |
| eAPM avg | 33.1 |
| Villagers / military | 156 / 109 |
Focus
⚔️ 39.3% · 🌾 60.7%
Archer ×69 · Battle Elephant ×26 · Militia ×3 · Mangonel ×3 · Bombard Cannon ×3 · Trebuchet (Packed) ×3
Feudal
9:17
Castle
20:01
Imperial
35:43
| APM avg | 68.5 |
| APM peak | 100 |
| eAPM avg | 30.6 |
| Villagers / military | 162 / 136 |
Focus
⚔️ 39.3% · 🌾 60.7%
Skirmisher ×92 · Knight ×13 · Magyar Huszar ×13 · Mangonel ×7 · Scout Cavalry ×4 · Monk ×3
Match map
Initial resources + every placement click. Lines = walls · curves = elevation contours. ◆ gold · ⬟ stone · ● berries · ✦ relic · ◌ wall gap
Your base· ✓ Closed at 19:48 · 42t walls · 1 gate(s)
ThunderboltX's base· Open — opponent sealed themselves in
Smoothed initial terrain · ◌ = detected wall gap · hover for details
Inputs per minute
— Valas - - ThunderboltX
Build order — Valas
First 150 of 498 actions detected
| 0:01 | Queue | Villager (Male) |
| 0:01 | Queue | Villager (Male) |
| 0:02 | Build | House |
| 0:02 | Build | House |
| 0:10 | Queue | Villager (Male) |
| 0:11 | Queue | Villager (Male) |
| 1:26 | Queue | Villager (Male) |
| 2:03 | Queue | Villager (Male) |
| 2:09 | Build | Lumber Camp |
| 2:14 | Queue | Villager (Male) |
| 2:15 | Queue | Villager (Male) |
| 2:47 | Queue | Villager (Male) |
| 3:13 | Queue | Villager (Male) |
| 3:37 | Queue | Villager (Male) |
| 3:50 | Build | House |
| 3:53 | Queue | Villager (Male) |
| 4:21 | Build | House |
| 4:24 | Queue | Villager (Male) |
| 4:50 | Build | Barracks |
| 4:54 | Queue | Villager (Male) |
| 5:26 | Queue | Villager (Male) |
| 5:42 | Build | House |
| 5:46 | Queue | Militia |
| 5:46 | Queue | Villager (Male) |
| 5:47 | Queue | Militia |
| 6:06 | Queue | Villager (Male) |
| 6:19 | Build | Mill |
| 6:24 | Queue | Villager (Male) |
| 6:25 | Queue | Militia |
| 6:53 | Build | Farm |
| 6:58 | Queue | Villager (Male) |
| 7:24 | Queue | Villager (Male) |
| 7:38 | Build | Farm |
| 7:51 | Queue | Villager (Male) |
| 8:08 | Queue | Villager (Male) |
| 8:37 | Queue | Villager (Male) |
| 8:46 | Build | House |
| 8:48 | Build | Palisade Wall |
| 8:50 | Build | Palisade Wall |
| 8:51 | Build | Palisade Wall |
| 8:51 | Build | Palisade Wall |
| 8:58 | Research | Loom |
| 9:14 | Build | Lumber Camp |
| 9:14 | Research | Feudal Age |
| 9:45 | Build | Palisade Wall |
| 9:49 | Build | Palisade Wall |
| 9:49 | Build | Palisade Wall |
| 10:02 | Build | Mining Camp |
| 10:10 | Build | Palisade Wall |
| 10:13 | Build | Palisade Wall |
| 10:18 | Build | House |
| 10:52 | Build | Palisade Wall |
| 10:54 | Age | Feudal Age |
| 10:55 | Build | Palisade Wall |
| 11:00 | Queue | Villager (Male) |
| 11:01 | Queue | Spearman |
| 11:06 | Build | Palisade Wall |
| 11:07 | Build | Palisade Wall |
| 11:16 | Queue | Villager (Male) |
| 11:20 | Build | Archery Range |
| 11:25 | Build | Farm |
| 11:26 | Build | Farm |
| 11:27 | Build | Farm |
| 11:29 | Build | Farm |
| 11:36 | Queue | Villager (Male) |
| 11:42 | Build | Palisade Wall |
| 11:54 | Queue | Villager (Male) |
| 11:59 | Build | House |
| 12:04 | Build | House |
| 12:06 | Build | House |
| 12:09 | Build | Palisade Wall |
| 12:19 | Build | Palisade Gate |
| 12:24 | Queue | Villager (Male) |
| 12:28 | Queue | Villager (Male) |
| 12:29 | Queue | Archer |
| 12:30 | Build | Farm |
| 12:34 | Research | Horse Collar |
| 12:47 | Build | Palisade Wall |
| 12:48 | Build | Palisade Wall |
| 12:49 | Build | Palisade Wall |
| 12:49 | Build | Palisade Wall |
| 12:49 | Build | Palisade Wall |
| 12:53 | Queue | Villager (Male) |
| 13:06 | Queue | Archer |
| 13:20 | Build | Palisade Wall |
| 13:25 | Research | Double-Bit Axe |
| 13:33 | Queue | Villager (Male) |
| 13:36 | Build | Farm |
| 13:47 | Queue | Archer |
| 13:51 | Queue | Villager (Male) |
| 13:53 | Build | Farm |
| 14:04 | Build | Farm |
| 14:10 | Queue | Villager (Male) |
| 14:11 | Queue | Archer |
| 14:26 | Build | Blacksmith |
| 14:36 | Queue | Archer |
| 14:51 | Queue | Villager (Male) |
| 15:16 | Queue | Archer |
| 15:18 | Queue | Villager (Male) |
| 15:38 | Queue | Archer |
| 15:48 | Build | Market |
| 15:50 | Build | House |
| 15:52 | Queue | Villager (Male) |
| 16:23 | Queue | Villager (Male) |
| 16:24 | Build | Farm |
| 16:25 | Build | Farm |
| 16:37 | Build | Farm |
| 16:41 | Build | Farm |
| 16:41 | Queue | Villager (Male) |
| 16:43 | Build | Farm |
| 16:49 | Build | Farm |
| 16:53 | Build | Farm |
| 16:59 | Queue | Archer |
| 17:00 | Queue | Villager (Male) |
| 17:22 | Queue | Villager (Male) |
| 17:28 | Build | Farm |
| 17:37 | Queue | Archer |
| 18:08 | Build | Farm |
| 18:11 | Build | Farm |
| 18:12 | Research | Castle Age |
| 18:16 | Queue | Archer |
| 18:46 | Research | Fletching |
| 19:41 | Queue | Villager (Male) |
| 19:47 | Research | Town Watch |
| 19:48 | Age | Castle Age |
| 19:49 | Build | Town Center |
| 19:51 | Build | Town Center |
| 19:54 | Research | Bow Saw |
| 20:06 | Research | Wheelbarrow |
| 20:09 | Queue | Archer |
| 20:09 | Queue | Archer |
| 20:47 | Queue | Villager (Male) |
| 20:50 | Research | Heavy Plow |
| 20:57 | Queue | Archer |
| 21:09 | Queue | Villager (Male) |
| 21:21 | Queue | Villager (Male) |
| 21:25 | Queue | Villager (Male) |
| 21:26 | Queue | Villager (Male) |
| 21:31 | Build | Farm |
| 21:31 | Build | Farm |
| 21:34 | Build | Farm |
| 21:36 | Queue | Villager (Male) |
| 21:37 | Build | Farm |
| 21:42 | Queue | Archer |
| 21:43 | Queue | Villager (Male) |
| 21:53 | Queue | Spearman |
| 22:01 | Queue | Villager (Male) |
| 22:06 | Queue | Villager (Male) |
| 22:12 | Queue | Villager (Male) |
| 22:21 | Build | Siege Workshop |
Build order — ThunderboltX
First 150 of 478 actions detected
| 0:00 | Queue | Villager (Male) |
| 0:01 | Build | House |
| 0:02 | Build | House |
| 0:07 | Queue | Villager (Male) |
| 0:07 | Queue | Villager (Male) |
| 0:08 | Queue | Villager (Male) |
| 1:23 | Queue | Villager (Male) |
| 1:55 | Queue | Villager (Male) |
| 2:20 | Queue | Villager (Male) |
| 2:26 | Build | Lumber Camp |
| 2:41 | Queue | Villager (Male) |
| 2:48 | Queue | Villager (Male) |
| 3:10 | Queue | Villager (Male) |
| 3:34 | Queue | Villager (Male) |
| 3:53 | Build | House |
| 3:53 | Build | House |
| 4:02 | Queue | Villager (Male) |
| 4:10 | Build | Palisade Wall |
| 4:26 | Queue | Villager (Male) |
| 5:04 | Build | Mill |
| 5:21 | Queue | Villager (Male) |
| 5:34 | Queue | Villager (Male) |
| 5:34 | Queue | Villager (Male) |
| 5:34 | Research | Loom |
| 6:00 | Build | Palisade Wall |
| 6:33 | Queue | Villager (Male) |
| 6:38 | Build | Mill |
| 6:48 | Build | Palisade Wall |
| 7:07 | Research | Feudal Age |
| 7:26 | Build | Palisade Wall |
| 7:46 | Build | Palisade Wall |
| 7:46 | Build | Palisade Wall |
| 8:01 | Build | Palisade Wall |
| 8:03 | Build | Palisade Wall |
| 8:06 | Build | Palisade Wall |
| 8:14 | Queue | Villager (Male) |
| 8:26 | Build | Barracks |
| 8:53 | Queue | Villager (Male) |
| 9:17 | Age | Feudal Age |
| 9:18 | Build | Stable |
| 9:25 | Build | House |
| 9:32 | Research | Double-Bit Axe |
| 9:37 | Queue | Villager (Male) |
| 9:59 | Build | House |
| 10:00 | Queue | Scout Cavalry |
| 10:00 | Queue | Scout Cavalry |
| 10:01 | Queue | Spearman |
| 10:02 | Queue | Villager (Male) |
| 10:18 | Build | House |
| 10:23 | Build | Palisade Wall |
| 10:34 | Queue | Villager (Male) |
| 10:47 | Queue | Scout Cavalry |
| 11:07 | Queue | Villager (Male) |
| 11:17 | Queue | Scout Cavalry |
| 11:51 | Queue | Villager (Male) |
| 12:00 | Queue | Villager (Male) |
| 12:01 | Build | Farm |
| 12:01 | Build | Farm |
| 12:02 | Build | Farm |
| 12:05 | Build | Farm |
| 12:12 | Queue | Villager (Male) |
| 12:15 | Build | House |
| 12:32 | Build | Archery Range |
| 12:50 | Queue | Villager (Male) |
| 12:52 | Build | Farm |
| 12:53 | Build | Farm |
| 13:13 | Queue | Villager (Male) |
| 13:23 | Queue | Villager (Male) |
| 13:27 | Build | Farm |
| 13:28 | Build | Farm |
| 13:30 | Build | Farm |
| 13:37 | Build | House |
| 13:39 | Queue | Skirmisher |
| 13:45 | Queue | Villager (Male) |
| 13:54 | Build | Farm |
| 14:06 | Queue | Skirmisher |
| 14:08 | Queue | Villager (Male) |
| 14:12 | Build | House |
| 14:22 | Build | Palisade Gate |
| 14:24 | Build | House |
| 14:35 | Build | Farm |
| 14:48 | Queue | Villager (Male) |
| 14:52 | Build | Farm |
| 15:03 | Build | Farm |
| 15:24 | Build | Mining Camp |
| 15:25 | Queue | Villager (Male) |
| 15:33 | Research | Wheelbarrow |
| 15:47 | Build | Farm |
| 16:14 | Build | Lumber Camp |
| 16:40 | Queue | Villager (Male) |
| 17:19 | Build | Blacksmith |
| 17:21 | Research | Castle Age |
| 17:34 | Build | House |
| 17:46 | Queue | Skirmisher |
| 17:52 | Build | House |
| 17:52 | Build | House |
| 18:02 | Queue | Skirmisher |
| 18:03 | Queue | Skirmisher |
| 18:09 | Build | House |
| 18:24 | Build | House |
| 18:25 | Build | Palisade Wall |
| 18:31 | Research | Fletching |
| 18:34 | Research | Horse Collar |
| 18:43 | Queue | Skirmisher |
| 19:08 | Queue | Skirmisher |
| 19:10 | Research | Padded Archer Armor |
| 19:15 | Build | Farm |
| 19:19 | Build | House |
| 19:30 | Queue | Skirmisher |
| 19:55 | Queue | Villager (Male) |
| 20:01 | Age | Castle Age |
| 20:02 | Research | Bodkin Arrow |
| 20:07 | Research | Elite Skirmisher (upgrade) |
| 20:11 | Queue | Villager (Male) |
| 20:43 | Queue | Villager (Male) |
| 20:44 | Research | Bow Saw |
| 20:46 | Queue | Skirmisher |
| 20:53 | Research | Leather Archer Armor |
| 20:54 | Queue | Villager (Male) |
| 21:03 | Build | Farm |
| 21:05 | Build | Farm |
| 21:17 | Queue | Villager (Male) |
| 21:29 | Queue | Villager (Male) |
| 21:30 | Queue | Villager (Male) |
| 21:32 | Build | Lumber Camp |
| 21:46 | Queue | Knight |
| 21:47 | Queue | Knight |
| 21:48 | Queue | Skirmisher |
| 22:34 | Queue | Villager (Male) |
| 22:38 | Build | Town Center |
| 23:40 | Queue | Villager (Male) |
| 23:40 | Queue | Villager (Male) |
| 23:41 | Queue | Villager (Male) |
| 23:45 | Build | Town Center |
| 24:04 | Queue | Skirmisher |
| 24:05 | Queue | Skirmisher |
| 24:19 | Queue | Villager (Male) |
| 24:23 | Queue | Skirmisher |
| 24:26 | Queue | Villager (Male) |
| 24:29 | Queue | Villager (Male) |
| 24:30 | Queue | Knight |
| 24:31 | Build | Farm |
| 24:31 | Build | Farm |
| 24:33 | Build | Farm |
| 24:35 | Build | Farm |
| 24:37 | Queue | Villager (Male) |
| 24:40 | Queue | Knight |
| 24:50 | Build | Monastery |
| 24:53 | Queue | Knight |
| 24:58 | Research | Gold Mining |
Match timeline
| 4:10 | ThunderboltX · wall_segment Palisade Wall x7 |
| 4:50 | Valas · first_building Barracks |
| 6:00 | ThunderboltX · wall_segment Palisade Wall x7 |
| 6:48 | ThunderboltX · wall_segment Palisade Wall x4 |
| 7:26 | ThunderboltX · wall_segment Palisade Wall x5 |
| 7:46 | ThunderboltX · wall_segment Palisade Wall x1 |
| 7:46 | ThunderboltX · wall_segment Palisade Wall x1 |
| 8:01 | ThunderboltX · wall_segment Palisade Wall x1 |
| 8:03 | ThunderboltX · wall_segment Palisade Wall x1 |
| 8:06 | ThunderboltX · wall_segment Palisade Wall x1 |
| 8:26 | ThunderboltX · first_building Barracks |
| 8:48 | Valas · wall_segment Palisade Wall x5 |
| 8:50 | Valas · wall_segment Palisade Wall x1 |
| 8:51 | Valas · wall_segment Palisade Wall x1 |
| 8:51 | Valas · wall_segment Palisade Wall x1 |
| 9:17 | ThunderboltX · age_up feudal |
| 9:18 | ThunderboltX · first_building Stable |
| 9:45 | Valas · wall_segment Palisade Wall x7 |
| 9:49 | Valas · wall_segment Palisade Wall x1 |
| 9:49 | Valas · wall_segment Palisade Wall x1 |
| 10:10 | Valas · wall_segment Palisade Wall x5 |
| 10:13 | Valas · wall_segment Palisade Wall x6 |
| 10:23 | ThunderboltX · wall_segment Palisade Wall x2 |
| 10:52 | Valas · wall_segment Palisade Wall x1 |
| 10:54 | Valas · age_up feudal |
| 10:55 | Valas · wall_segment Palisade Wall x1 |
| 11:06 | Valas · wall_segment Palisade Wall x1 |
| 11:07 | Valas · wall_segment Palisade Wall x1 |
| 11:20 | Valas · first_building Archery Range |
| 11:42 | Valas · wall_segment Palisade Wall x1 |
| 12:09 | Valas · wall_segment Palisade Wall x1 |
| 12:32 | ThunderboltX · first_building Archery Range |
| 12:47 | Valas · wall_segment Palisade Wall x6 |
| 12:48 | Valas · wall_segment Palisade Wall x1 |
| 12:49 | Valas · wall_segment Palisade Wall x1 |
| 12:49 | Valas · wall_segment Palisade Wall x1 |
| 12:49 | Valas · wall_segment Palisade Wall x1 |
| 13:20 | Valas · wall_segment Palisade Wall x1 |
| 18:25 | ThunderboltX · wall_segment Palisade Wall x1 |
| 19:48 | Valas · age_up castle |
| 20:01 | ThunderboltX · age_up castle |
| 22:21 | Valas · first_building Siege Workshop |
| 24:50 | ThunderboltX · first_building Monastery |
| 25:26 | ThunderboltX · first_building Siege Workshop |
| 26:56 | Valas · first_building Monastery |
| 27:12 | Valas · wall_segment Palisade Wall x1 |
| 31:14 | Valas · age_up imperial |
| 31:23 | Valas · first_market_sell 100 food |
| 34:31 | Valas · first_building Castle |
| 34:32 | ThunderboltX · first_building Castle |
| 35:32 | Valas · wall_segment Palisade Wall x1 |
| 35:43 | ThunderboltX · age_up imperial |
| 36:40 | ThunderboltX · wall_segment Stone Wall x1 |
| 36:41 | ThunderboltX · wall_segment Stone Wall x1 |
| 37:39 | ThunderboltX · first_market_buy 100 food |
| 37:56 | Valas · first_building Stable |
| 41:56 | ThunderboltX · resign |
[ AI ANALYSIS · 1 CREDIT ]
What really happened in this match?
Wolo.gg analyzes every decision: build order, eco, micro, common mistakes by bracket. Personalized analysis on WhatsApp or Discord in 30 seconds.
Civ guide
Malay
Perfil
Jugador #628503